 Dungeon Crawl Stone Soup version 0.31.0-11-ge490571c62 (webtiles) character file.

Game seed: 9602097129462248501

326 stipulation the Grave Robber (level 6, -5/28 HPs)
             Began as a Vine Stalker Necromancer on Jan 28, 2024.
             Slain by an ice beast (9 damage)
             ... on level 5 of the Dungeon.
             The game lasted 00:05:38 (3884 turns).

stipulation the Grave Robber (VSNe)                 Turns: 3884, Time: 00:05:39

Health: -5/28      AC:  2    Str: 10    XL:     6   Next: 49%
Magic:  0/14       EV: 12    Int: 17    God:
Gold:   143        SH:  0    Dex: 15    Spells: 7/15 levels left

rFire   . . .        l - +0 short sword
rCold   . . .        (no shield)
rNeg    . . .        a - +0 robe
rPois   .            (no helmet)
rElec   .            (no cloak)
rCorr   .            (no gloves)
SInv    .            (no boots)
Will    .....        (no amulet)
Stlth   ++           (no ring)
HPRegen 1.04/turn    (no ring)
MPRegen 0.14/turn

%: guardian spirit
@: no status effects
A: fangs 2, regeneration 1, magic shield, antimagic bite, no potion heal 2
a: no special abilities


You were on level 5 of the Dungeon.
You visited 1 branch of the dungeon, and saw 5 of its levels.

You collected 143 gold pieces.

Inventory:

Hand Weapons
 l - a +0 short sword (weapon)
Armour
 a - a +0 robe (worn)
Scrolls
 c - 2 scrolls of enchant weapon {unknown}
 f - 2 scrolls of poison
 h - 2 scrolls of immolation {unknown}
 k - a scroll of amnesia {unknown}
 o - 2 scrolls of noise {unknown}
 p - 3 scrolls of torment
 q - 4 scrolls of teleportation {unknown}
 r - a scroll of fog {unknown}
 t - a scroll of blinking {unknown}
Potions
 d - a potion of might {unknown}
 e - a potion of resistance {unknown}
 i - 2 potions of attraction {unknown}
 j - a potion of curing {unknown}
 n - a potion of berserk rage {unknown}
 s - a potion of ambrosia {unknown}


   Skills:
 - Level 1.5 Dodging
 - Level 2.4 Stealth
 + Level 5.0 Spellcasting
 + Level 6.0 Necromancy


You had 7 spell levels left.
You knew the following spells:

 Your Spells              Type           Power      Damage    Failure   Level
a - Necrotise             Necr           96%        1d8       1%          1
b - Vampiric Draining     Necr           24%        2d7       3%          3
c - Animate Dead          Necr           24%        N/A       12%         4

Your spell library contained the following spells:

 Spells                   Type           Power      Damage    Failure   Level
 Ensorcelled Hibernation  Hex/Ice        8%         N/A       22%         2
 Curse of Agony           Necr           24%        N/A       32%         5
 Dazzling Flash           Conj/Hex       8%         N/A       38%         3
 Volatile Blastmotes      Fire/Tloc      8%         2d10      38%         3
 Manifold Assault         Tloc           4%         N/A       80%         4
 Dispersal                Tloc           2%         N/A       100%        6
 Starburst                Conj/Fire      2%         6d3       100%        6
 Maxwell's Capacitive Co  Air            2%         ∞         100%        8


Dungeon Overview and Level Annotations

Branches:
Dungeon (5/15)
 Temple: D:4-7

Altars:
Okawaru
Wu Jian
Yredelemnul

Annotations:
D:4 Edmund


Innate Abilities, Weirdness & Mutations

You have extremely sharp teeth.
Your natural rate of healing is unusually fast.
When hurt, damage is shared between your health and your magic reserves.
Your bite disrupts and absorbs the magic of your enemies.
Potions cannot restore your health.


Message History

Something barely misses you. The orc barely misses you.
You hit the orc. You bite the orc.
You kill the orc!
Something hits you. The white imp gestures at you.
The puff of frost misses you. The puff of frost hits you.
Casting: Necrotise (safe; 1% risk of failure)
Confirm with . or Enter, or press ? or * to list all spells.
Aiming: Necrotise (safe; 1% risk of failure)
Press: ? - help, Shift-Dir - straight line, f - ice beast, p - orc
Aim: an ice beast (chance to affect: 83%)
The ice beast writhes in agony.
Something hits you. Magic courses through your body. The ice beast hits you.
The ice beast freezes you! Something hits you.
Casting: Necrotise (safe; 1% risk of failure)
Confirm with . or Enter, or press ? or * to list all spells.
Aiming: Vampiric Draining (dangerous; 3% risk of failure)
Press: ? - help, Shift-Dir - straight line, f/p - ice beast
Aim: an ice beast (lightly wounded)
You draw life force from the ice beast!
You feel life coursing into your body. Something hits you.
The ice beast misses you.
The white imp shouts, "Remove thy stench, thou impertinent ill-breeding gnoll-tail!"
Casting: Vampiric Draining (dangerous; 3% risk of failure)
Confirm with . or Enter, or press ? or * to list all spells.
Aiming: Vampiric Draining (dangerous; 3% risk of failure)
Press: ? - help, Shift-Dir - straight line, f/p - ice beast
Aim: an ice beast (severely wounded)
You draw life force from the ice beast.
You feel life coursing into your body. Something hits you.
The ice beast hits you. The ice beast freezes you!
* * * LOW HITPOINT WARNING * * *
Casting: Vampiric Draining (dangerous; 3% risk of failure)
Confirm with . or Enter, or press ? or * to list all spells.
You don't have enough magic to cast this spell.
Unknown command.
You barely miss the ice beast.
The ice beast is almost dead.
The ice beast hits you.
* * * LOW HITPOINT WARNING * * *
The ice beast freezes you!
You die...

#########
#........
........
######.......
#@Y5##..(.#
##{o...#.####
###.#<....B#
#....###[..
....(.##
#......##
..####.. .
####


You could see an ice beast, a white imp and an orc.

Vanquished Creatures
  An ice beast (D:5)
  A bombardier beetle (D:3)
  A hound (D:4)
  Jessica (D:3)
  4 adders
  3 dart slugs
  A ribbon worm (D:3)
  12 orcs
  7 endoplasms
  3 giant cockroaches (D:1)
  6 goblins
  12 hobgoblins
  A jackal (D:3)
  5 quokkas
  5 ball pythons
  9 bats
  4 frilled lizards
  5 kobolds
  4 rats
85 creatures vanquished.

Vanquished Creatures (collateral kills)
  2 hobgoblins
  A ball python (D:4)
  A frilled lizard (D:1)
4 creatures vanquished.

Grand Total: 89 creatures vanquished

Notes
Turn   | Place    | Note
-------+----------+-------------------------------------------
     0 | D:1      | stipulation the Vine Stalker Necromancer began the quest
                  | for the Orb.
     0 | D:1      | Reached XP level 1. HP: 9/9 MP: 4/4
   169 | D:1      | Reached XP level 2. HP: 13/13 MP: 2/6
   527 | D:1      | Found a faded altar of an unknown god.
   899 | D:1      | Reached XP level 3. HP: 16/16 MP: 5/8
  1144 | D:2      | Learned a level 3 spell: Vampiric Draining
  1562 | D:2      | Reached XP level 4. HP: 21/21 MP: 7/10
  1861 | D:2      | Learned a level 4 spell: Animate Dead
  2314 | D:3      | Found an iron altar of Okawaru.
  2387 | D:3      | Reached skill level 5 in Necromancy
  2387 | D:3      | Reached XP level 5. HP: 24/24 MP: 6/11
  2506 | D:3      | Found a basalt altar of Yredelemnul.
  2820 | D:3      | Got Awaudisa's Folio of Indemnity
  3014 | D:3      | Found an ornate altar of the Wu Jian Council.
  3186 | D:3      | Noticed Jessica
  3191 | D:3      | Killed Jessica
  3329 | D:4      | Noticed Edmund
  3777 | D:4      | Reached XP level 6. HP: 28/28 MP: 8/13
  3858 | D:5      | Entered Level 5 of the Dungeon
  3858 | D:5      | Noticed an ice beast
  3864 | D:5      | Killed an ice beast
  3865 | D:5      | Reached skill level 5 in Spellcasting
  3865 | D:5      | Reached skill level 6 in Necromancy
  3866 | D:5      | Noticed an ice beast
  3884 | D:5      | Slain by an ice beast

Illustrated notes

Levels and vault maps discovered:
D:1:      lightli_arrival_statuegarden, layout_basic,
          hellmonk_ecumenical_altar_leap_of_faith, hangedman_decor_lopped,
          nrook_mini_backslash
D:2:      layout_rooms, serial_co_window_serial, co_window_cross_1,
          co_window_paths_a, co_window_paths_a, co_window_corner_a,
          co_window_of_opportunity_a, co_window_of_opportunity_a,
          co_window_paths_a, co_window_cross_3, co_window_broadway_b,
          co_window_corner_ca
D:3:      minmay_octagon_keep, layout_loops_corners, lemuel_doored_altar,
          okawaru_ov_weapons_minmay, nicolae_wu_jian_immortal_techniques,
          uniq_jessica
D:4:      layout_basic, serial_library_hellmonk_small_corner, uniq_edmund,
          uniq_sigmund, uniq_grinder
D:5:      layout_rooms, pdpol_temple_overflow_zin_treasury_gozag_greed,
          marbit_many_paths, minmay_temple_entry_antechambers, serial_shops,
          nicolae_shop_trees, ebering_ghost_rock_garden, dk_noncrumbling_4,
          uniq_prince_ribbit1

Skill      XL: |  1  2  3  4  5  6 |
---------------+-------------------+-----
Spellcasting   | 3 4 5 |  5.0
Necromancy     | 5 6 |  6.0
Dodging        | |  1.5
Stealth        | |  2.4

Action                     |  1- 3 |  4- 6 || total
---------------------------+-------+-------++-------
  Melee: Unarmed           |     2 |     1 ||     3
         Bite              |       |    12 ||    12
         Short sword       |       |    43 ||    43
   Cast: Necrotise         |    67 |    92 ||   159
         Vampiric Draining |       |     2 ||     2
    Use: Scroll            |       |     4 ||     4
         Potion            |       |     1 ||     1
   Stab: Sleeping          |       |     4 ||     4
 Armour: Robe              |     8 |    55 ||    63
  Dodge: Dodged            |    13 |    48 ||    61
